 Dungeon Sprint DCSS version 0.24-a0-246-gb963c9a (webtiles) character file.

Game seed: 11832197003456531563

112 MikeHunt the Blocker (level 5, -3/41 HPs)
             Began as a Formicid Fighter on Apr 12, 2019.
             Slain by a human
             ... wielding a +0 dagger
              (12 damage)
             ... in the Dungeon (Sprint III: "The Ten Rune Challenge").
             The game lasted 00:02:24 (550 turns).

MikeHunt the Blocker (Formicid Fighter)              Turns: 550, Time: 00:02:25

Health: -3/41      AC:  8    Str: 25    XL:     5   Next: 16%
Magic:  5/5        EV:  9    Int:  8    God:
Gold:   14         SH:  0    Dex: 11    Spells: 4/4 levels left

rFire    . . .     SeeInvis +   a - +4 quarterstaff (chaos)
rCold    . . .     Gourm    .   c - +0 shield
rNeg     . . .     Faith    .   b - +0 scale mail
rPois    .         Spirit   .   (helmet unavailable)
rElec    .         Reflect  .   n - +0 cloak (curse)
rCorr    .         Harm     .   (no gloves)
MR       .....                  (no boots)
Stlth    ..........             (no amulet)
HPRegen  0.13/turn              (no ring)
MPRegen  0.09/turn              (no ring)

@: confused, mighty
A: permanent stasis, dig shafts and tunnels, four strong arms, antennae 3
a: Dig


You were in the Dungeon.
You were not hungry.

You visited 1 branch You collected 14 gold pieces.

Inventory:

Hand Weapons
 a - a +4 quarterstaff of chaos (weapon)
 m - a +0 quarterstaff
Armour
 b - a +0 scale mail (worn)
 c - a +0 shield (worn)
 n - a cursed +0 cloak (worn)
Wands
 o - a wand of flame (12)
Scrolls
 k - a scroll of blinking
 q - 2 scrolls of immolation {unknown}
 r - 3 scrolls of remove curse
 s - a scroll of magic mapping {unknown}
 u - a scroll of torment {unknown}
Potions
 e - a potion of curing
 g - a potion of heal wounds
 h - a potion of haste
 i - 2 potions of magic
 j - a potion of berserk rage
 p - 4 potions of mutation
 t - a potion of flight {unknown}
 v - a potion of brilliance {unknown}
Comestibles
 f - 4 rations


   Skills:
 - Level 3.2 Fighting
 + Level 6.8 Staves
 - Level 3.2 Armour
 + Level 8.6 Shields


You had 4 spell levels left.
You didn't know any spells.
Your spell library was empty.

Dungeon Overview and Level Annotations

Branches:
Dungeon (1/1)

Altars:
Okawaru
Trog
Uskayaw
Wu Jian
Beogh


Innate Abilities, Weirdness & Mutations

You cannot be hasted, slowed, berserked, paralysed or teleported.
You can dig through walls and to a lower floor.
Your four strong arms can wield two-handed weapons with a shield.
You have a pair of large antennae on your head. (SInv)


Message History

The human barely misses you.
The golden eye blinks!
The golden eye blinks at you.
You are more confused.
The golden eye blinks!
The human hits you but does no damage.
You're too confused to move!
The human hits you with a +0 dagger.
You bump into the stone wall.
The human hits you with a +0 dagger! The golden eye blinks at you.
You are more confused.
The human closely misses you.
You feel better.
The golden eye blinks!
The human hits you with a +0 dagger!
You closely miss the human.
The human is severely wounded.
The golden eye blinks at you.
You are confused.
The human hits you but does no damage. The human hits you with a +0 dagger.
* * * LOW HITPOINT WARNING * * *
You sock the human! You freeze the human.
The human is almost dead.
The human hits you with a +0 dagger!
You die...

▓ ▓▓▓ #### ##.# #####
...#####..# #___#
÷...#..#..#{ #__.#{{
#...#..#..###+#p###+##
##..##'#..#..§..@....#
##..###...'.⌠........#
#..####...#..G######+#
#..###....#.⌠.#{ {
...##.....#...#
...#......#+###
.##.#.....# {{
.#####....# { ▓▓
▓▓▓▓▓▓


You could see a human (berserk) and a golden eye.

Vanquished Creatures
  A water elemental (D)
  Crazy Yiuf (D)
  A human (D)
  An ooze (D)
  3 rats (D)
7 creatures vanquished.

Vanquished Creatures (others)
  2 draconian scorchers (D)
  6 hellions (D)
  A yaktaur (D)
9 creatures vanquished.

Grand Total: 16 creatures vanquished

Notes
Turn   | Place    | Note
-------+----------+-------------------------------------------
     0 | D        | MikeHunt the Formicid Fighter began the quest for the Orb.
     0 | D        | Reached XP level 1. HP: 18/18 MP: 1/1
     9 | D        | Reached skill level 4 in Shields
    12 | D        | Reached XP level 2. HP: 24/24 MP: 2/2
    75 | D        | Reached skill level 6 in Shields
    75 | D        | Reached XP level 3. HP: 12/29 MP: 3/3
   109 | D        | Killed a white draconian scorcher
   116 | D        | Killed a hellion
   129 | D        | Killed a hellion
   159 | D        | Killed a white draconian scorcher
   167 | D        | Noticed Crazy Yiuf
   176 | D        | Killed a hellion
   176 | D        | Killed a hellion
   178 | D        | Killed Crazy Yiuf
   178 | D        | Reached skill level 5 in Staves
   178 | D        | Reached skill level 7 in Shields
   178 | D        | Reached XP level 4. HP: 7/35 MP: 4/4
   178 | D        | Killed a hellion
   192 | D        | Killed a yaktaur
   252 | D        | Killed a hellion
   433 | D        | Noticed a water elemental
   446 | D        | Killed a water elemental
   446 | D        | Reached skill level 8 in Shields
   446 | D        | Reached XP level 5. HP: 25/41 MP: 5/5
   539 | D        | Found a hide-covered altar of Uskayaw.
   539 | D        | Found a roughly hewn altar of Beogh.
   539 | D        | Found an iron altar of Okawaru.
   539 | D        | Found a bloodstained altar of Trog.
   539 | D        | Found an ornate altar of the Wu Jian Council.
   539 | D        | Noticed a human
   540 | D        | Noticed a human
   542 | D        | Noticed a golden eye
   542 | D        | a human changed into a golden eye
   550 | D        | Slain by a human

Levels and vault maps discovered:
D:        dungeon_sprint_mu [sprint_mu_entry_cave, sprint_mu_temple_rooms,
          sprint_mu_d1_spiders, sprint_mu_d2_genie, sprint_mu_d3_branching,
          sprint_mu_orc_legion, sprint_mu_elf_gauntlet, sprint_mu_hive_nellie,
          sprint_mu_lair_fedhas, sprint_mu_vaults_butterflies,
          sprint_mu_slime_circle, sprint_mu_swamp_cave, sprint_mu_shoals_archi,
          sprint_mu_blade_basic, sprint_mu_crypt_fortress,
          sprint_mu_tomb_spiral, sprint_mu_vestibule_basic,
          sprint_mu_gehenna_hellfire, sprint_mu_dis_giant,
          sprint_mu_tartarus_statrot, sprint_mu_cocytus_islands, sprint_mu_zot1]

Skill      XL: |  1  2  3  4 |
---------------+-------------+-----
Staves         | 3 4 5 6 |  6.8
Shields        | 4 6 7 8 |  8.6
Fighting       | |  3.2
Armour         | |  3.2

Action                   |  1- 3 |  4- 6 || total
-------------------------+-------+-------++-------
Melee: Quarterstaff      |    33 |    13 ||    46
Evoke: Wand              |       |     1 ||     1
  Use: Potion            |     1 |     2 ||     3
Armor: Scale mail        |     9 |     6 ||    15
Dodge: Dodged            |     7 |     2 ||     9
Block: Shield            |     9 |     3 ||    12

Table legend:
 A = Non-vault XP
 B = Vault XP
 C = Vault XP percentage of total XP
 D = Non-vault monster count
 E = Vault monster count
 F = Vault count percentage of total count
                 A         B        C        D         E       F
            +---------+---------+-------+---------+---------+-------
      Total |       0 |     160 | 100.0 |       0 |       7 | 100.0
            +---------+---------+-------+---------+---------+-------
          D |       0 |     160 | 100.0 |       0 |       7 | 100.0
            +---------+---------+-------+---------+---------+-------
